 Dungeon Crawl Stone Soup version 0.31-a0-66-ge618eeaa78 (webtiles) character file.

Game seed: 7609285263143000655

108 lunkers the Cutter (level 5, 0/38 HPs)
             Began as a Meteoran Wanderer on May 18, 2023.
             Slain by a river rat (8 damage)
             ... in a sewer on May 22, 2023.
             The game lasted 00:04:19 (1115 turns).

lunkers the Cutter (Meteoran Wanderer)              Turns: 1115, Time: 00:04:20

Health: 0/38       AC:  5    Str: 19    XL:     5   Next: 35%
Magic:  6/6        EV: 11    Int: 10    God:
Gold:   190        SH:  0    Dex: 13    Spells: 4/4 levels left

rFire   . . .        a - +3 short sword
rCold   . . .        (no shield)
rNeg    . . .        f - +0 leather armour
rPois   .            j - +1 helmet
rElec   .            (no cloak)
rCorr   .            (no gloves)
SInv    .            (no boots)
Will    .....        h - amulet of the acrobat
Stlth   +            o - ring of wizardry
HPRegen 0.26/turn    (no ring)
MPRegen 0.10/turn

%: acrobat, wizardry (x1)
@: glowing
A: sense surroundings 1, otherworldly, glowing, explore regen
a: no special abilities


You were in a sewer.
You visited 1 branch of the dungeon, and saw 3 of its levels.
You also visited: Sewer.

You collected 190 gold pieces.

Inventory:

Hand Weapons
 a - a +3 short sword (weapon)
 b - a +0 falchion
 d - a +0 dagger
Missiles
 c - 11 poisoned darts
Armour
 f - a +0 leather armour (worn)
 j - a +1 helmet (worn)
Magical Staves
 i - a staff of air
Jewellery
 h - an amulet of the acrobat (around neck)
 o - a ring of wizardry (left hand)
Scrolls
 e - 2 scrolls of fog
Potions
 g - a potion of might
 k - a potion of lignification
 l - a potion of brilliance {unknown}
 m - a potion of mutation


   Skills:
 + Level 6.6(6.8) Short Blades
 - Level 2.4(5.2) Long Blades
 - Level 2.4 Throwing
 - Level 1.2 Dodging
 - Level 1.0 Stealth


You had 4 spell levels left.
You didn't know any spells.
Your spell library was empty.

Dungeon Overview and Level Annotations

Branches:
Dungeon (3/15) Zot: 757     Sewer (1/1) Zot: 584

Altars:

Annotations:
D:2 Terence


Innate Abilities, Weirdness & Mutations

You passively map a small area around you.
You are easily found by Zot.
You glow in the dark.
You regain HP and MP as you explore.


Message History

The river rat bites you but does no damage.
You hit the river rat but do no damage. The river rat bites you.
You hit the river rat but do no damage. You hit the river rat but do no damage.
The river rat barely misses you.
The rat splashes around in the water.
You hit the river rat but do no damage. You barely miss the river rat.
The river rat bites you.
The river rat bites you but does no damage.
The rat bites you.
You hit the river rat but do no damage. The river rat closely misses you.
The river rat barely misses you. The rat closely misses you.
You barely miss the river rat. You hit the river rat but do no damage.
The river rat barely misses you. x2
The rat bites you.
You closely miss the river rat. The river rat closely misses you.
The river rat bites you!
The rat splashes around in the water.
You hit the river rat but do no damage. You closely miss the river rat.
The river rat bites you.
* * * LOW HITPOINT WARNING * * *
The river rat barely misses you. The rat bites you.
* * * LOW HITPOINT WARNING * * *
The river rat closely misses you.
There is a gate leading back out of this place here.
You closely miss the river rat. The river rat barely misses you.
The river rat bites you but does no damage.
The rat misses you.
You hit the river rat.
The river rat is moderately wounded.
Unknown command.
You hit the river rat.
The river rat is heavily wounded.
The river rat bites you but does no damage.
The river rat misses you. The rat bites you.
* * * LOW HITPOINT WARNING * * *
You hit the river rat.
The river rat is heavily wounded.
The river rat bites you.
* * * LOW HITPOINT WARNING * * *
The river rat bites you!
You die...

#########
###~~.rr~.###
#~..~~@r~.~.#
.....#####~~...#
*...#* , ##.~.#*
~. , ..~ * ~ , ~
* ~. * ,~ , . ,
* ~ ,~ + ~ * ~


You could see 2 river rats and a rat.

Vanquished Creatures
  Natasha (D:2)
  3 adders
  A river rat (D:3)
  2 worms
  A dart slug (D:3)
  3 orcs (D:3)
  An endoplasm (D:2)
  2 giant cockroaches (D:3)
  4 goblins
  3 hobgoblins (D:1)
  5 kobolds
  A quokka (D:3)
  5 ball pythons
  6 bats
  3 frilled lizards
  A rat (D:1)
42 creatures vanquished.

Notes
Turn   | Place    | Note
-------+----------+-------------------------------------------
     0 | D:1      | lunkers the Meteoran Wanderer began the quest for the Orb.
     0 | D:1      | lunkers set off with the following items: a +2 short sword,
                  | a +0 falchion, 9 poisoned darts, a +0 dagger, a scroll of
                  | fog, a +0 leather armour.
     0 | D:1      | Reached XP level 1. HP: 14/14 MP: 2/2
   100 | D:1      | Reached XP level 2. HP: 20/20 MP: 3/3
   323 | D:2      | Reached skill level 5 in Short Blades
   382 | D:2      | HP: 1/20 [worm (6)]
   385 | D:2      | Reached XP level 3. HP: 3/26 MP: 4/4
   551 | D:2      | Noticed Natasha
   561 | D:2      | Killed Natasha
   562 | D:2      | Reached XP level 4. HP: 9/33 MP: 5/5
   612 | D:2      | Noticed Terence
   692 | D:2      | Reached skill level 6 in Short Blades
   833 | D:3      | Upgraded the game from 0.31-a0-43-g46d131a48f to
                  | 0.31-a0-66-ge618eeaa78
   877 | D:3      | Reached XP level 5. HP: 36/38 MP: 6/6
  1091 | D:3      | Found a glowing drain.
  1095 | Sewer    | Entered a sewer
  1115 | Sewer    | Slain by a river rat

Illustrated notes

Levels and vault maps discovered:
D:1:      minmay_arrival_three_doors, layout_basic, nicolae_figureground_pulse
D:2:      layout_basic, basic_altar, uniq_natasha, uniq_terence, uniq_jessica
D:3:      layout_basic, gup_sewer_entry_bowl, minmay_fractal_squares_gapless_5
Sewer:    sewer_hellmonk_bad_rat

Skill      XL: |  1  2  3  4 |
---------------+-------------+-----
Short Blades   | 5 6 |  6.6
Long Blades    | |  2.4
Throwing       | |  2.4
Dodging        | |  1.2
Stealth        | |  1.0

Action                     |  1- 3 |  4- 6 || total
---------------------------+-------+-------++-------
  Melee: Short sword       |    74 |   132 ||   206
    Use: Scroll            |       |     7 ||     7
 Armour: Leather armour    |    17 |    38 ||    55
  Dodge: Dodged            |    36 |    51 ||    87

Table legend: (Time is in decaauts)
 A = Elapsed time spent in this place.
 B = Non-inter-level travel time spent in this place.
 C = Inter-level travel time spent in this place.
 D = Time resting spent in this place.
 E = Time spent auto-exploring this place.
 F = Levels seen in this place.
 G = Mean time per level.
                   A        B        C        D        E       F      G
               +--------+--------+--------+--------+--------+-----+--------+
         Total |   1057 |   1057 |      0 |      0 |    688 |   4 |  264.2 |
       Dungeon |   1042 |   1042 |      0 |      0 |    688 |   3 |  347.3 |
         Sewer |     15 |     15 |      0 |      0 |      0 |   1 |   15.0 |
               +--------+--------+--------+--------+--------+-----+--------+

Top non-repeatable levels by time:
     D:2: 455 daAuts
     D:3: 299 daAuts
     D:1: 286 daAuts
   Sewer: 15 daAuts
